 Dungeon Crawl Stone Soup version 0.19-a0-1159-gbb7de16 (webtiles) character file.

17 AlphabetPasta the Grasshopper (level 2, -2/22 HPs)
             Began as a Vampire Warper on Aug 13, 2016.
             Slain by a gnoll
             ... wielding a +0 whip
              (6 damage)
             ... on level 1 of the Dungeon.
             The game lasted 00:03:19 (1007 turns).

AlphabetPasta the Grasshopper (Vampire Warper)      Turns: 1007, Time: 00:03:19

Health: -2/22      AC:  2    Str: 10    XL:     2   Next: 44%
Magic:  5/5        EV: 12    Int: 15    God:
Gold:   57         SH:  0    Dex: 13    Spells: 1 memorised, 4 levels left

rFire  . . .     SeeInvis +     a - +0 short sword
rCold  . . .     Gourm    .     k - +0 robe
rNeg   + . .     Faith    .     (no shield)
rPois  .         Spirit   .     (no helmet)
rElec  .         Dismiss  .     (no cloak)
rCorr  .         Reflect  .     (no gloves)
MR     .....     Harm     .     (no boots)
Stlth  +.........               (no amulet)
                                (no ring)
                                (no ring)

@: no status effects
A: fangs 3, see invisible, unbreathing
a: no special abilities


You were on level 1 of the Dungeon.
You were not thirsty.

You visited 1 branch of the dungeon, and saw 2 of its levels.

You collected 57 gold pieces.

Inventory:

Hand Weapons
 a - a +0 short sword (weapon)
 n - a cursed -1 dagger
Missiles
 e - 5 tomahawks of dispersal (quivered)
Armour
 b - a +0 leather armour
 k - a +0 robe (worn)
Jewellery
 r - an uncursed ring of fire {unknown}
Scrolls
 d - 2 scrolls of blinking
 g - 2 scrolls of identify {unknown}
 i - a scroll of magic mapping {unknown}
 j - a scroll of remove curse {unknown}
 l - a scroll of enchant weapon {unknown}
 o - a scroll of immolation {unknown}
 p - a scroll of fog {unknown}
Potions
 f - 2 potions of blood
 h - a potion of heal wounds {unknown}
 m - a potion of lignification {unknown}
 q - a potion of curing {unknown}
Books
 c - a book of Spatial Translocations

   Spells                             Type                      Level
   a - Apportation                    Translocation                1
   b - Blink                          Translocation                2
   c - Shroud of Golubria             Charms/Translocation         2
   d - Portal Projectile              Translocation                3
   e - Teleport Other                 Translocation                3
   f - Passage of Golubria            Translocation                4


   Skills:
 + Level 2.0 Fighting
 * Level 2.5 Short Blades
 - Level 0.7 Throwing
 - Level 0.7 Armour
 + Level 2.3 Dodging
 + Level 0.4 Stealth
 + Level 2.1 Spellcasting
 + Level 2.6 Translocations


You had 4 spell levels left.
You knew the following spells:

 Your Spells              Type           Power        Failure   Level  Hunger
a - Apportation           Tloc           #.........   10%         1    #......


Dungeon Overview and Level Annotations

Branches:
Dungeon (2/15)

Altars:


Innate Abilities, Weirdness & Mutations

You have razor-sharp teeth.
You have supernaturally acute eyesight. (SInv)
You can survive without breathing.


Message History

You hit the gnoll.
The gnoll is moderately wounded.
The gnoll misses you.
You hit the gnoll but do no damage. You bite the gnoll.
The gnoll is heavily wounded.
The gnoll hits you with a whip.
You hit the gnoll but do no damage. Your bite misses the gnoll.
The gnoll is heavily wounded.
The gnoll hits you with a whip.
You hit the gnoll but do no damage.
The gnoll is heavily wounded.
The gnoll hits you with a whip.
* * * LOW HITPOINT WARNING * * *
You hit the gnoll.
The gnoll is severely wounded.
The gnoll closely misses you.
You hit the gnoll.
The gnoll is almost dead.
The gnoll hits you with a whip.
You die...

#.((....(...........#
#.#################.# #[# #.#
####.# #.#
#.##.#################.#
#....................#.#### #####
####.#####................. #...#
P♣#P.PP♣##..#..###.#.#.#### #...#
♣PP...PP♣#@g...............
#...###P.....P♣#.......#.#.#.....
#..['#P.....§.♣####..............
#...##♣.(.§...♣#....##.#.#.#.....
.....#P......§♣###...............
######♣P.....P# #.###.#.#.#.####
♣P#...PP♣ #.# #.#.........
#PP###.P# #.# #.#...#.####
#P...PP# #.# #.#...#.#


You could see a gnoll.

Vanquished Creatures
  3 giant geckos (D:1)
  A goblin (D:1)
  2 hobgoblins (D:1)
  A bat (D:1)
  6 kobolds (D:1)
  2 rats (D:1)
15 creatures vanquished.

Vanquished Creatures (others)
  A plant (D:1)
1 creature vanquished.

Grand Total: 16 creatures vanquished

Notes
Turn   | Place    | Note
-------+----------+-------------------------------------------
     0 | D:1      | AlphabetPasta the Vampire Warper began the quest for the Orb.
     0 | D:1      | Reached XP level 1. HP: 16/16 MP: 3/3
     2 | D:1      | Upgraded the game from 0.19-a0-1153-g63c3caf to 0.19-a0-1159-gbb7de16
   473 | D:1      | Reached XP level 2. HP: 22/22 MP: 5/5
  1007 | D:1      | Slain by a gnoll

Vault maps used:
D:1:      minmay_arrival_jagged, lexackson_kobold_supper
D:2:      serial_curves, eino_curves_03, eino_curves_04, eino_curves_02

Skill      XL: |  1 |
---------------+----+-----
Fighting       | 2 |  2.0
Short Blades   | |  2.5
Throwing       | |  0.7
Armour         | |  0.7
Dodging        | |  2.3
Stealth        | |  0.4
Spellcasting   | |  2.1
Translocations | |  2.6

Action                   || total
-------------------------++-------
Melee: Short sword       ||    48
       Bite              ||     3
 Stab: Sleeping          ||     1
Armor: Leather armour    ||     3
       Robe              ||     5
Dodge: Dodged            ||    22
